 Dungeon Crawl Stone Soup version 0.23-a0-143-g1adec7b (webtiles) character file.

662 Amnesiac the Chiller (level 7, -7/46 HPs)
             Began as a Mummy Ice Elementalist on Sept 6, 2018.
             Was a Believer of Vehumet.
             Mangled by a centaur (9 damage)
             ... on level 5 of the Dungeon.
             The game lasted 00:12:52 (5674 turns).

Amnesiac the Chiller (Mummy Ice Elementalist)       Turns: 5674, Time: 00:12:53

Health: -7/46      AC:  2    Str: 11    XL:     7   Next: 30%
Magic:  8/14       EV: 12    Int: 16    God:    Vehumet [**....]
Gold:   164        SH:  0    Dex: 13    Spells: 3/16 levels left

rFire    x . .     SeeInvis .   h - +0 quarterstaff
rCold    + . .     Gourm    .   (shield currently unavailable)
rNeg     + + +     Faith    .   a - +0 robe
rPois    ∞         Spirit   .   (no helmet)
rElec    .         Reflect  .   (no cloak)
rCorr    .         Harm     .   (no gloves)
MR       .....                  (no boots)
Stlth    ++........             (no amulet)
HPRegen  0.15/turn              (no ring)
MPRegen  0.14/turn              (no ring)

@: no status effects
A: no food or potions, fire vulnerability, cold resistance 1, negative energy
resistance 3, torment resistance, unbreathing
a: Renounce Religion


You were on level 5 of the Dungeon.
You worshipped Vehumet.
Vehumet was pleased with you.
You were not hungry.

You visited 2 branches of the dungeon, and saw 6 of its levels.

You collected 164 gold pieces.

Inventory:

Hand Weapons
 h - a +0 quarterstaff (weapon)
Armour
 a - a +0 robe (worn)
 f - a +0 shield
 i - a +0 cloak
 j - +0 acid dragon scales
 l - a +2 cloak
Jewellery
 b - an uncursed ring of positive energy {unknown}
Scrolls
 c - a scroll of remove curse {!r}
 d - a scroll of identify {!r}
 e - a scroll of enchant weapon {!r}
 g - 3 scrolls of teleportation {!r}
 k - a scroll of enchant armour {!r, unknown}


   Skills:
 - Level 1.5 Dodging
 - Level 1.5 Stealth
 - Level 5.0 Spellcasting
 * Level 4.0 Conjurations
 - Level 5.0 Ice Magic


You had 3 spell levels left.
You knew the following spells:

 Your Spells              Type           Power        Failure   Level  Hunger
a - Freeze                Ice            ###.         1%          1    N/A
b - Summon Ice Beast      Ice/Summ       ##......     47%         4    N/A
d - Throw Icicle          Conj/Ice       ###.....     24%         4    N/A
e - Magic Dart            Conj           ###.         3%          1    N/A
z - Ozocubu's Armour      Chrm/Ice       ##......     16%         3    N/A

Your spell library contained the following spells:

 Spells                   Type           Power        Failure   Level  Hunger
 Throw Flame              Conj/Fire      ##....       10%         2    N/A
 Throw Frost              Conj/Ice       ###...       3%          2    N/A
 Animate Skeleton         Necr           N/A          16%         1    N/A
 Confusing Touch          Hex            #.....       16%         1    N/A
 Pain                     Necr           #...         16%         1    N/A
 Confuse                  Hex            #.......     41%         3    N/A
 Gell's Gravitas          Tloc           #.........   41%         3    N/A
 Vampiric Draining        Necr           #.........   41%         3    N/A
 Animate Dead             Necr           N/A          83%         4    N/A
 Petrify                  Tmut/Erth      #.......     83%         4    N/A
 Metabolic Englaciation   Hex/Ice        ##........   83%         5    N/A
 Yara's Violent Unravell  Hex/Tmut       #.........   99%         5    N/A
 Regeneration             Chrm/Necr      Unusable     N/A         3    N/A

Dungeon Overview and Level Annotations

Branches:
Dungeon (5/15)             Temple (1/1) D:4

Altars:
Cheibriados
Dithmenos
Elyvilon
Fedhas
Gozag
Kikubaaqudgha
Makhleb
Nemelex Xobeh
Okawaru
Ru
Trog
Vehumet
Wu Jian
Xom
Yredelemnul
Zin
The Shining One


Innate Abilities, Weirdness & Mutations

You do not eat or drink.
Your flesh is vulnerable to fire.
You are immune to poison.
Your flesh is cold resistant. (rC+)
You are immune to negative energy. (rN+++)
You are immune to unholy pain and torment.
You can survive without breathing.


Message History

The centaur skeleton is severely damaged.
The centaur skeleton hits you.
* * * LOW HITPOINT WARNING * * *
Casting: Magic Dart (safe; 3% risk of failure)
Confirm with . or Enter, or press ? or * to list all spells.
Aiming: Magic Dart (safe; 3% risk of failure)
Press: ? - help, Shift-Dir - straight line, f/p - centaur skeleton
Aim: a centaur skeleton (severely damaged)
The magic dart hits the centaur skeleton.
The centaur skeleton is almost destroyed.
The centaur skeleton completely misses you.
Casting: Magic Dart (safe; 3% risk of failure)
Confirm with . or Enter, or press ? or * to list all spells.
Aiming: Magic Dart (safe; 3% risk of failure)
Press: ? - help, Shift-Dir - straight line, f/p - centaur skeleton
Aim: a centaur skeleton (almost destroyed)
The magic dart hits the centaur skeleton.
The centaur skeleton is almost destroyed.
The centaur skeleton hits you.
* * * LOW HITPOINT WARNING * * *
The centaur skeleton hits you.
* * * LOW HITPOINT WARNING * * *
Casting: Magic Dart (safe; 3% risk of failure)
Confirm with . or Enter, or press ? or * to list all spells.
Aiming: Magic Dart (safe; 3% risk of failure)
Press: ? - help, Shift-Dir - straight line, f/p - centaur skeleton
Aim: a centaur skeleton (almost destroyed)
The magic dart hits the centaur skeleton.
You destroy the centaur skeleton!
Vehumet accepts your kill.
You feel your power returning.
Your Conjurations skill increases to level 4!
Casting: Magic Dart (safe; 3% risk of failure)
Confirm with . or Enter, or press ? or * to list all spells.
You can't see any susceptible monsters within range! (Use Z to cast anyway.)
You start resting.
The centaur is too close now for your liking.
A centaur is nearby!
The centaur shouts!
The centaur shoots an arrow.
The arrow barely misses you.
You start resting.
The centaur is too close now for your liking.
The centaur unwields an uncursed shortbow of freezing.
The centaur barely misses you. The centaur hits you!
* * * LOW HITPOINT WARNING * * *
Casting: Magic Dart (safe; 3% risk of failure)
Confirm with . or Enter, or press ? or * to list all spells.
Aiming: Freeze (safe; 1% risk of failure)
Press: ? - help, Shift-Dir - straight line, f - centaur
Aim: a centaur You freeze the centaur.
The centaur is lightly wounded.
The centaur completely misses you.
Casting: Freeze (safe; 1% risk of failure)
Confirm with . or Enter, or press ? or * to list all spells.
Aiming: Freeze (safe; 1% risk of failure)
Press: ? - help, Shift-Dir - straight line, f/p - centaur
Aim: a centaur (lightly wounded)
You freeze the centaur.
The centaur is moderately wounded.
The centaur hits you.
* * * LOW HITPOINT WARNING * * *
The centaur hits you!
You die...

#..............
#)############# #.#
########.# #####
#........#########....
+................+....
..#........#####...#....
......(...............##
.......@##..............
####.##c##............##
#...................#
+.................<....
###..#.#............%..
......#........)......
.......#.............).
......................#.
..###..............(..#<


You could see a centaur.

Vanquished Creatures
  An ice beast (D:4)
  A crimson imp (D:5)
  2 orc priests
  A centaur skeleton (D:5)
  2 hounds (D:4)
  4 orc wizards
  2 worker ants
  10 adders
  3 oozes
  An adder skeleton (D:5)
  4 worms
  A dart slug (D:3)
  5 leopard geckos
  14 orcs
  2 ball pythons
  5 bats
  6 giant cockroaches
  7 goblins
  8 hobgoblins
  7 jackals
  11 kobolds
  2 quokkas
  5 frilled lizards
  9 rats
113 creatures vanquished.

Notes
Turn   | Place    | Note
-------+----------+-------------------------------------------
     0 | D:1      | Amnesiac the Mummy Ice Elementalist began the quest for the
                  | Orb.
     0 | D:1      | Reached XP level 1. HP: 13/13 MP: 4/4
    71 | D:1      | Reached XP level 2. HP: 15/19 MP: 0/5
   272 | D:2      | Found a burning altar of Makhleb.
   293 | D:2      | Reached XP level 3. HP: 21/24 MP: 0/7
   345 | D:3      | Found a faded altar of an unknown god.
   804 | D:3      | Reached XP level 4. HP: 8/30 MP: 0/9
  1063 | D:3      | Found a sacrificial altar of Ru.
  1070 | D:3      | Found a glowing silver altar of Zin.
  1157 | D:3      | Learned a level 4 spell: Throw Icicle
  1161 | D:3      | Learned a level 3 spell: Ozocubu's Armour
  1384 | D:4      | Reached XP level 5. HP: 27/35 MP: 6/11
  1623 | D:5      | Entered Level 5 of the Dungeon
  1637 | D:5      | Found a white marble altar of Elyvilon.
  1713 | D:4      | Found a shimmering altar of Xom.
  1953 | D:4      | Found a snail-covered altar of Cheibriados.
  1953 | D:4      | Found a basalt altar of Yredelemnul.
  1955 | D:4      | Found a hide-covered altar of Uskayaw.
  1955 | D:4      | Found an iron altar of Okawaru.
  1955 | D:4      | Found a hide-covered altar of Uskayaw.
  1997 | D:4      | Found a staircase to the Ecumenical Temple.
  2006 | Temple   | Entered the Ecumenical Temple
  2092 | Temple   | Became a worshipper of Vehumet
  2122 | D:5      | Noticed a centaur
  2126 | D:4      | Reached XP level 6. HP: 41/41 MP: 9/13
  2132 | D:4      | Learned a level 4 spell: Summon Ice Beast
  2493 | D:1      | Reached skill level 5 in Ice Magic
  3193 | D:2      | Reached skill level 5 in Spellcasting
  3248 | D:2      | Reached * piety under Vehumet
  3248 | D:2      | Offered knowledge of Magic Dart by Vehumet.
  3255 | D:2      | Learned a level 1 spell: Magic Dart
  3266 | D:2      | Reached skill level 1 in Conjurations
  5055 | D:5      | Noticed an ice beast
  5097 | D:4      | Killed an ice beast
  5097 | D:4      | Offered knowledge of Throw Flame by Vehumet.
  5308 | D:5      | Reached ** piety under Vehumet
  5325 | D:5      | Reached XP level 7. HP: 23/46 MP: 2/14
  5674 | D:5      | HP: 2/46 [centaur (3)]
  5674 | D:5      | Mangled by a centaur

Vault maps used:
D:1:      erik_arrival_gehennom, serial_co_window_serial,
          co_window_of_opportunity_a, co_window_corner_a, co_window_paths_b,
          co_window_paths_a, co_window_paths_b, co_window_2corner,
          co_window_broadway_b, co_window_corner_b, co_window_broadway_a,
          co_window_4corner_b, glass_columns_a, glass_columns_a,
          glass_columns_b, glass_columns_a, glass_columns_a,
          nrook_mini_backslash
D:2:      bloody_makhleb
D:3:      grunt_temple_overflow_open, chequers_ecumenical_altar_simple_redux
D:4:      temple_fountains, st_stairs_11, doesnt_xom_only_xom
D:5:      elyvilon_altar_3, eat_drink_and_be_merry_uskayaw, first_ration
Temple:   dshaligram_water_room_temple

Skill      XL: |  1  2  3  4  5  6  7 |
---------------+----------------------+-----
Spellcasting   | 3 4 5 |  5.0
Ice Magic      | 3 4 5 |  5.0
Conjurations   | 3 4 |  4.0
Dodging        | |  1.5
Stealth        | |  1.5

Action                   |  1- 3 |  4- 6 |  7- 9 || total
-------------------------+-------+-------+-------++-------
Melee: Whip              |     4 |       |       ||     4
       War axe           |       |     5 |       ||     5
       Quarterstaff      |       |    20 |     2 ||    22
 Cast: Freeze            |    45 |   158 |    13 ||   216
       Magic Dart        |       |    19 |    19 ||    38
       Ozocubu's Armour  |       |     2 |       ||     2
  Use: Scroll            |     3 |     5 |       ||     8
 Stab: Sleeping          |     2 |     1 |       ||     3
Armor: Robe              |     7 |    34 |     2 ||    43
Dodge: Dodged            |    23 |    86 |    11 ||   120

Table legend:
 A = Non-vault XP
 B = Vault XP
 C = Vault XP percentage of total XP
 D = Non-vault monster count
 E = Vault monster count
 F = Vault count percentage of total count
                 A         B        C        D         E       F
            +---------+---------+-------+---------+---------+-------
      Total |     925 |      21 |   2.2 |     107 |       6 |   5.3
            +---------+---------+-------+---------+---------+-------
        D:1 |      25 |      19 |  43.2 |      15 |       5 |  25.0
        D:2 |     137 |       0 |   0.0 |      36 |       0 |   0.0
        D:3 |     116 |       0 |   0.0 |      26 |       0 |   0.0
        D:4 |     354 |       2 |   0.6 |      16 |       1 |   5.9
        D:5 |     293 |       0 |   0.0 |      14 |       0 |   0.0
            +---------+---------+-------+---------+---------+-------
